 Dungeon Crawl Stone Soup version 0.31.0-4-g52a2dc7128 (webtiles) character file.

Game seed: 12771923583812601297

23 FinalFate the Cudgeller (level 2, -7/40 HPs)
             Began as a Minotaur Berserker on Jan 22, 2024.
             Was a Follower of Trog.
             Killed by divine providence
             ... invoked by an orc priest
              (12 damage)
             ... on level 2 of the Dungeon.
             The game lasted 00:02:47 (1029 turns).

FinalFate the Cudgeller (Minotaur Berserker)        Turns: 1029, Time: 00:02:48

Health: -7/40      AC:  8    Str: 21    XL:     2   Next: 72%
Magic:  1/1        EV:  8    Int:  4    God:    Trog [*.....]
Gold:   54         SH:  0    Dex:  9    Spells: 1/1 levels left

rFire   . . .        a - +0 mace
rCold   . . .        (no shield)
rNeg    . . .        i - +0 chain mail
rPois   .            (helmet restricted)
rElec   .            (no cloak)
rCorr   .            (no gloves)
SInv    .            (no boots)
Will    .....        (no amulet) Stlth
                     (no ring)
HPRegen 0.26/turn    (no ring)
MPRegen 0.07/turn

%: no passive effects
@: berserking, very quick
A: horns 2, retaliatory headbutt
a: Renounce Religion, Berserk


You were on level 2 of the Dungeon.
You worshipped Trog.
Trog was aware of your devotion.
You visited 1 branch of the dungeon, and saw 2 of its levels.

You collected 54 gold pieces.

Inventory:

Hand Weapons
 a - a +0 mace (weapon)
Armour
 b - a +0 animal skin
 d - a +0 leather armour
 f - a +0 ring mail
 i - a +0 chain mail (worn)
Talismans
 g - a granite talisman
Scrolls
 k - a scroll of amnesia {unknown}
Potions
 c - a potion of mutation {unknown}
 e - a potion of heal wounds {unknown}
 h - a potion of haste {unknown}
 j - a potion of curing {unknown}


   Skills:
 * Level 4.1 Fighting
 * Level 4.2 Maces & Flails
 * Level 2.5 Armour
 * Level 2.4 Dodging


You had one spell level left.
You didn't know any spells.
Your spell library was empty.

Dungeon Overview and Level Annotations

Branches:
Dungeon (2/15)

Altars:


Innate Abilities, Weirdness & Mutations

You have a pair of horns on your head.
You reflexively headbutt those who attack you in melee.


Message History

A bat, an orc and a rat come into view.
The orc shouts!
The rat squeaks loudly.
You hear a shout! x3
An endoplasm comes into view.
An orc priest comes into view. It is wielding a +0 mace.
Found 3 gold pieces.
The endoplasm quivers.
You hit the bat.
You kill the bat!
Trog accepts your kill.
You closely miss the rat. The rat bites you but does no damage.
An orc comes into view. It is wielding a +0 flail.
You hit the rat.
You kill the rat!
Trog accepts your kill.
You hit the orc priest but do no damage.
The orc priest hits you with a +0 mace.
You hit the orc priest but do no damage.
The orc priest hits you with a +0 mace!
You barely miss the orc. You headbutt the orc!
You kill the orc!
Trog accepts your kill.
The orc priest mumbles some strange prayers to Beogh against you.
Beogh smites you!
A red film seems to cover your vision as you go berserk!
You feel yourself moving faster!
You feel mighty! The endoplasm freezes you.
You are frozen.
An orc comes into view. It is wielding a +0 short sword.
The orc priest calls down the wrath of Beogh upon you.
Beogh smites you!
* * * LOW HITPOINT WARNING * * *
You are too injured to fight recklessly!
You hit the endoplasm.
The endoplasm is severely wounded.
You barely miss the endoplasm. You headbutt the endoplasm.
You kill the endoplasm!
Trog accepts your kill.
The orc priest mumbles some strange prayers to Beogh against you.
Beogh smites you!
You die...

####.# #.# #.# #.###
#.# ###.# #...#
#.###...# #
###.####.##..### #.
#....#.##.## #..
####.#....# #...
#.#..###
#....######....########
+..ooo@.....>..........
#.$..##################
....# ###


You could see an orc priest and 2 orcs.

Vanquished Creatures
  An orc (D:2)
  4 endoplasms
  A giant cockroach (D:1)
  A hobgoblin (D:1)
  4 ball pythons
  4 bats
  2 frilled lizards
  A goblin (D:1)
  2 kobolds (D:1)
  3 rats
23 creatures vanquished.

Notes
Turn   | Place    | Note
-------+----------+-------------------------------------------
     0 | D:1      | FinalFate the Minotaur Berserker began the quest for the
                  | Orb.
     0 | D:1      | Reached XP level 1. HP: 19/19 MP: 0/0
   255 | D:1      | Reached XP level 2. HP: 27/27 MP: 1/1
   444 | D:1      | Found a faded altar of an unknown god.
  1029 | D:2      | Killed from afar by an orc priest

Illustrated notes

Levels and vault maps discovered:
D:1:      sevenhm_arrival_forest_fort_large_4, layout_rooms,
          shapermc_ecumenical_altar_mp_urbaneastern,
          chequers_serial_rivers_small_b, minmay_misc_feat_chi,
          patterned_corridor
D:2:      minmay_wonky_spiral, layout_basic

Skill      XL: |  1  2 |
---------------+-------+-----
Maces & Flails | 4 |  4.2
Fighting       | 4 |  4.1
Armour         | |  2.5
Dodging        | |  2.4

Action                     || total
---------------------------++-------
  Melee: Mace              ||    36
         Headbutt          ||     4
 Invoke: Berserk           ||     1
 Armour: Animal skin       ||     8
         Ring mail         ||    10
         Chain mail        ||     3
  Dodge: Dodged            ||    20
         Form:             ||     1
         Statue            ||     1
